 Dungeon Crawl Stone Soup version 0.20.1-1-g8b1a95d (console) character file.

228 hilaritas the Magician (level 5, -4/28 HPs)
             Began as a Deep Elf Ice Elementalist on Aug 27, 2017.
             Was an Initiate of Vehumet.
             Slain by an ogre
             ... wielding a +0 giant club
              (23 damage)
             ... on level 4 of the Dungeon.
             The game lasted 00:14:48 (4374 turns).

hilaritas the Magician (Deep Elf Ice Elementalist)  Turns: 4374, Time: 00:14:49

Health: -4/28      AC:  8    Str:  6    XL:     5   Next: 70%
Magic:  6/15       EV: 12    Int: 20    God:    Vehumet [......]
Gold:   107        SH:  0    Dex: 15    Spells: 2/16 levels left

rFire    . . .     SeeInvis .   k - +1 short sword
rCold    . . .     Gourm    .   (no shield)
rNeg     . . .     Faith    .   a - +0 robe
rPois    .         Spirit   .   (no helmet)
rElec    .         Reflect  .   p - +0 cloak
rCorr    .         Harm     .   (no gloves)
MR       .....                  (no boots)
Stlth    ++........             (no amulet)
Regen    0.1/turn               (no ring)
MPRegen  0.2/turn               (no ring)

@: icy armour, heavily drained, slow
A: no striking features
a: Renounce Religion


You were on level 4 of the Dungeon.
You worshipped Vehumet.
Vehumet was noncommittal.
You were very hungry.

You visited 2 branches of the dungeon, and saw 5 of its levels.

You collected 107 gold pieces.

Inventory:

Hand Weapons
 k - a +1 short sword (weapon)
Missiles
 d - 73 arrows
 g - 157 stones (quivered)
Armour
 a - a +0 robe (worn)
 p - a +0 cloak (worn)
 r - a scarf of cloud immunity
Jewellery
 y - an uncursed amulet of guardian spirit
 B - an uncursed amulet of harm
 E - an uncursed amulet of harm
Scrolls
 e - 2 scrolls of blinking
 i - 3 scrolls of identify
 j - 2 scrolls of teleportation
 n - 2 scrolls of amnesia
 z - a scroll of remove curse
Potions
 f - 2 potions of brilliance
 m - a potion of agility {unknown}
 o - a potion of flight {unknown}
 s - a potion of berserk rage {unknown}
 w - 2 potions of mutation {unknown}
 x - a potion of curing
 A - a potion of heal wounds {unknown}
Books
 b - a book of Frost

   Spells                             Type                      Level
   a - Freeze                         Ice                          1
   b - Throw Frost                    Conjuration/Ice              2
   c - Ozocubu's Armour               Charms/Ice                   3
   d - Throw Icicle                   Conjuration/Ice              4
   e - Summon Ice Beast               Ice/Summoning                4
Comestibles
 c - 5 bread rations
 l - a royal jelly
 q - 3 meat rations


   Skills:
 - Level 2.4(1.1) Dodging
 - Level 2.4(1.1) Stealth
 * Level 6.2(4.8) Spellcasting
 - Level 2.1(0.9) Conjurations
 - Level 5.0(3.6) Ice Magic


You had 2 spell levels left.
You knew the following spells:

 Your Spells              Type           Power        Failure   Level  Hunger
a - Freeze                Ice            ###.         2%          1    None
b - Throw Frost           Conj/Ice       ##....       7%          2    #......
c - Ozocubu's Armour      Chrm/Ice       ##......     17%         3    ##.....
d - Throw Icicle          Conj/Ice       ##......     41%         4    ####...
e - Summon Ice Beast      Ice/Summ       ##......     50%         4    ####...


Dungeon Overview and Level Annotations

Branches:
Dungeon (4/15)             Temple (1/1) D:4

Altars:
Dithmenos
Elyvilon
Gozag
Kikubaaqudgha
Ru
Sif Muna
Trog
Vehumet
Xom
Yredelemnul


Message History

A film of ice covers your body!
Casting: Ozocubu's Armour
Confirm with . or Enter, or press ? or * to list all spells.
Aiming: Freeze
Press: ? - help, Shift-Dir - straight line, f/p - iguana
Aim: an iguana (almost dead, slow)
You freeze the iguana.
You kill the iguana!
Vehumet accepts your kill.
Your base Spellcasting skill increases to level 6!
Casting: Freeze
Confirm with . or Enter, or press ? or * to list all spells.
Aiming: Freeze
Press: ? - help, Shift-Dir - straight line, f - ogre
Aim: an ogre, wielding a giant club You freeze the ogre.
The ogre is moderately wounded.
The ogre hits you with a giant club!!
Ouch! That really hurt!
You die...

* **,,,## *,,,,,,,,,,* ** ***..#
****,,,....,,,*****,
*#..#***,,,,,,....,,,,,,,,,
###...#..,,,*,,.....,,,,,,,,,
#####........,***,,......,,,,,,,,
...........###* *,........,***,,,
........#....#####.....#..** **,,
..#..............O........* **,
..##............@#.#.....,* *,
.####.........$.#.#.#..,,,** **
.# ##.........#.#.#.#,,,,,** * .#
*#?.........#.>.#,,,,,,,*****
.#**#..........#.#.#.#,,,**,,,**,
,,*#............#.#.#..,*****,,,,
,......####......#.#....# **,,,
.....### ##...........## *,,*
....#* #.<...##...## **,,


You could see an ogre.

Vanquished Creatures
  An iguana (D:4)
  A worker ant (D:4)
  5 adders
  An ooze (D:4)
  5 worms
  4 dart slugs
  8 orcs (D:3)
  5 bats
  9 giant cockroaches
  8 goblins
  10 hobgoblins
  11 jackals
  15 kobolds
  3 frilled lizards
  A leopard gecko skeleton (D:4)
  11 rats
98 creatures vanquished.

Notes
Turn   | Place    | Note
-------+----------+-------------------------------------------
     0 | D:1      | hilaritas the Deep Elf Ice Elementalist began the quest for the Orb.
     0 | D:1      | Reached XP level 1. HP: 10/10 MP: 6/6
   304 | D:1      | Reached XP level 2. HP: 13/15 MP: 6/8
   355 | D:1      | Learned a level 2 spell: Throw Frost
  1010 | D:1      | Reached XP level 3. HP: 19/19 MP: 7/9
  1422 | D:1      | Learned a level 3 spell: Ozocubu's Armour
  1716 | D:2      | Reached skill level 5 in Ice Magic
  2022 | D:2      | Reached XP level 4. HP: 24/24 MP: 6/10
  2338 | D:2      | Found a sacrificial altar of Ru.
  2857 | D:3      | Learned a level 4 spell: Throw Icicle
  2985 | D:3      | Noticed a moth of wrath
  2987 | D:3      | Found a bloodstained altar of Trog.
  3019 | D:3      | Reached skill level 4 in Spellcasting
  3248 | D:3      | Found a white marble altar of Elyvilon.
  3375 | D:3      | Reached XP level 5. HP: 21/28 MP: 3/14
  3495 | D:3      | Reached skill level 5 in Spellcasting
  4060 | D:4      | Learned a level 4 spell: Summon Ice Beast
  4170 | D:4      | Found a staircase to the Ecumenical Temple.
  4180 | Temple   | Entered the Ecumenical Temple
  4257 | Temple   | Became a worshipper of Vehumet
  4369 | D:4      | Noticed an ogre
  4373 | D:4      | Reached skill level 6 in Spellcasting
  4374 | D:4      | Slain by an ogre

Skill      XL: |  1  2  3  4  5 |
---------------+----------------+-----
Ice Magic      | 4 5 |  5.0
Conjurations   | 2 |  2.1
Spellcasting   | 4 6 |  6.2
Dodging        | |  2.4
Stealth        | |  2.4

Action                   |  1- 3 |  4- 6 || total
-------------------------+-------+-------++-------
Melee: Unarmed           |    20 |       ||    20
       Short sword       |    14 |     9 ||    23
 Cast: Freeze            |    65 |   101 ||   166
       Throw Frost       |       |     6 ||     6
       Ozocubu's Armour  |       |     1 ||     1
  Use: Potion            |     1 |       ||     1
       Scroll            |       |     9 ||     9
  Eat: Chunk             |     3 |     6 ||     9
Armor: Robe              |    18 |    17 ||    35
Dodge: Dodged            |    66 |    43 ||   109
